 Dungeon Crawl Stone Soup version 0.29.0-11-gd7f09526c8 (webtiles) character file.

Game seed: 17354005755016910038

1463 keekatzer the Chiller (level 8, -2/65 (68) HPs)
             Began as a Troll Transmuter on Sept 6, 2022.
             Was a Believer of Elyvilon.
             Slain by a wight
             ... wielding a +0 scimitar
              (10 damage)
             ... on level 6 of the Dungeon.
             The game lasted 00:18:16 (3129 turns).

keekatzer the Chiller (Troll Transmuter)            Turns: 3129, Time: 00:18:16

HP:   -2/65 (68)    AC:  4    Str: 19    XL:     8   Next: 48%
MP:   10/11         EV: 10    Int:  9    God:    Elyvilon [**....]
Gold: 291           SH:  0    Dex: 12    Spells: 6/13 levels left

rFire   . . .      SeeInvis .   a - +10 hand axe "Bablo" {venom, rC+}
rCold   + . .      Faith    .   (no shield)
rNeg    . . .      Spirit   .   o - +0 robe
rPois   .          Reflect  .   (helmet restricted)
rElec   .          Harm     .   (no cloak)
rCorr   .          Rampage  .   (gloves unavailable)
Will    .....                   (boots unavailable)
Stlth   +.........              (no amulet)
HPRegen 1.00/turn               (no ring)
MPRegen 0.12/turn               (no ring)

@: wereblooded, lightly drained
A: large, unfitting armour, claws 3, regeneration 1, shaggy fur 1, tough skin 1
a: Renounce Religion, Purification, Heal Other


You were on level 6 of the Dungeon.
You worshipped Elyvilon.
Elyvilon was pleased with you.
You visited 2 branches of the dungeon, and saw 7 of its levels.

You collected 291 gold pieces.

Inventory:

Hand Weapons
 a - the +10 hand axe "Bablo" (weapon) {venom, rC+}
   (You found it on level 3 of the Dungeon)

   It poisons the flesh of those it strikes.
   rC:        It protects you from cold.
Missiles
 t - a throwing net
Armour
 o - a +0 robe (worn)
Wands
 r - a wand of paralysis (17)
 v - a wand of digging (6)
Scrolls
 c - 2 scrolls of magic mapping {unknown}
 d - 3 scrolls of identify {unknown}
 f - a scroll of poison {unknown}
 h - a scroll of brand weapon {unknown}
 j - 2 scrolls of teleportation {unknown}
 l - a scroll of vulnerability {unknown}
 p - 2 scrolls of enchant armour {unknown}
Potions
 b - a potion of lignification
 e - a potion of cancellation {unknown}
 g - 3 potions of curing {unknown}
 i - 2 potions of mutation {unknown}
 k - 2 potions of haste {unknown}
 m - 2 potions of degeneration {unknown}
 n - a potion of might {unknown}
 q - 2 potions of magic {unknown}
 s - a potion of resistance {unknown}
 u - a potion of heal wounds {unknown}


   Skills:
 - Level 0.7 Fighting
 + Level 3.2 Axes
 + Level 2.6 Dodging
 - Level 3.0 Unarmed Combat
 - Level 3.0 Spellcasting
 * Level 4.3 Transmutations
 * Level 4.4 Ice Magic


You had 6 spell levels left.
You knew the following spells:

 Your Spells              Type           Power      Damage    Failure   Level
a - Beastly Appendage     Tmut           18%        N/A       4%          1
b - Wereblood             Tmut           9%         N/A       8%          2
c - Ice Form              Ice/Tmut       9%         N/A       45%         4

Your spell library contained the following spells:

 Spells                   Type           Power      Damage    Failure   Level
 Spider Form              Tmut/Pois      5%         N/A       36%         3
 Dispersal                Tloc           0%         N/A       100%        6
 Disjunction              Tloc           0%         N/A       100%        8
 Chain Lightning          Conj/Air       0%         2d1       100%        9
 Fire Storm               Conj/Fire      0%         6d1       100%        9
 Shatter                  Erth           0%         3d5*      100%        9


Dungeon Overview and Level Annotations

Branches:
Dungeon (6/15)             Temple (1/1) D:4

Altars:
Ashenzari
Cheibriados
Dithmenos
Elyvilon
Gozag
Hepliaklqana
Kikubaaqudgha
Qazlal
Ru
Trog
Uskayaw
Vehumet
Wu Jian
Xom
Yredelemnul
Zin


Innate Abilities, Weirdness & Mutations

You are too large for most types of armour.
You have claws for hands.
Your natural rate of healing is unusually fast.
You are covered in fur. (AC +1)
You have tough skin. (AC +1)


Message History

A wight comes into view. It is wielding a +0 scimitar.
The orc hits you with a +0 trident. The wight closely misses you.
You hit the orc.
The orc is poisoned.
The orc is moderately wounded.
You barely miss the wight. The orc barely misses you.
The wight hits you with a +0 scimitar!
You slash the orc!
You feel a bit better.
You kill the orc!
You barely miss the wight.
A wight comes into view. It is wielding a +0 mace.
The wight hits you with a +0 scimitar!
You feel drained.
You slash the wight! You claw the wight.
The wight is almost destroyed.
You howl as the wereblood boils in your veins!
The wight completely misses you. The wight hits you with a +0 scimitar!
You slash the wight!
You feel a bit better.
You destroy the wight!
Your life force feels restored.
You slash the wight!
The wight is heavily damaged.
You slash the wight! The wight hits you with a +0 scimitar.
The wight hits you with a +4 short sword!
You barely miss the wight.
The wight is heavily damaged.
You slash the wight! The wight hits you with a +0 scimitar.
The wight hits you with a +4 short sword!
* * * LOW HITPOINT WARNING * * *
You feel drained.
* * * LOW HITPOINT WARNING * * *
You closely miss the wight.
The wight is heavily damaged.
You barely miss the wight. The wight closely misses you.
The wight hits you with a +4 short sword!
* * * LOW HITPOINT WARNING * * *
You feel drained.
* * * LOW HITPOINT WARNING * * *
You hit the wight.
The wight is severely damaged.
You closely miss the wight. The wight hits you with a +0 scimitar!
You die...

..............
#.............
#.............
#.............
#.............
.##...$.........
.......zz.......
#...z@)......
##............
#...........##
#...........# ..
##...........# .#
#........####..
.#
#.##...###..##.
.#
####.#######..._#
.# #....#
####....#


You could see 3 wights.

Vanquished Creatures
  An ice beast (D:5)
  An orc warrior (D:6)
  A black bear (D:5)
  3 ogres
  2 centaurs (D:5)
  2 phantoms (D:5)
  A gnoll sergeant (D:4)
  A necrophage (D:4)
  A scorpion (D:5)
  A wight (D:6)
  2 jellies
  3 iguanas
  Ijyb (D:4)
  7 gnolls
  6 adders
  A shadow imp (D:5)
  A white imp (D:6)
  4 worms
  A dart slug (D:3)
  5 orcs
  15 ball pythons
  8 endoplasms
  2 giant cockroaches
  9 goblins
  6 hobgoblins
  4 quokkas
  6 bats
  4 frilled lizards
  9 kobolds
  3 rats
111 creatures vanquished.

Notes
Turn   | Place    | Note
-------+----------+-------------------------------------------
     0 | D:1      | keekatzer the Troll Transmuter began the quest for the Orb.
     0 | D:1      | Reached XP level 1. HP: 18/18 MP: 1/1
   214 | D:1      | Reached XP level 2. HP: 26/26 MP: 3/3
   217 | D:1      | Learned a level 2 spell: Wereblood
   604 | D:1      | Reached XP level 3. HP: 32/32 MP: 2/4
  1044 | D:2      | Reached XP level 4. HP: 40/40 MP: 6/6
  1402 | D:3      | Found a faded altar of an unknown god.
  1473 | D:3      | Identified the +10 hand axe "Bablo" {venom, rC+}
  1728 | D:4      | Learned a level 4 spell: Ice Form
  1746 | D:4      | Noticed a necrophage
  1756 | D:4      | Killed a necrophage
  1757 | D:4      | Reached XP level 5. HP: 36/46 MP: 4/7
  1785 | D:4      | Found a shadowy altar of Dithmenos.
  1800 | D:4      | Noticed Ijyb
  1807 | D:4      | Killed Ijyb
  1808 | D:4      | Reached skill level 1 in Ice Magic
  1923 | D:4      | Reached skill level 1 in Axes
  1977 | D:4      | Found a staircase to the Ecumenical Temple.
  2032 | D:4      | Reached XP level 6. HP: 14/54 MP: 8/8
  2106 | Temple   | Entered the Ecumenical Temple
  2111 | Temple   | Became a worshipper of Elyvilon the Healer
  2215 | D:4      | Found an opulent altar of Gozag.
  2316 | D:5      | Entered Level 5 of the Dungeon
  2340 | D:5      | Reached XP level 7. HP: 57/61 MP: 7/10
  2392 | D:5      | Reached * piety under Elyvilon
  2557 | D:5      | HP: 2/61 [centaur (3)]
  2558 | D:5      | Elyvilon protects you from harm!
  2732 | D:5      | Reached XP level 8. HP: 46/68 MP: 9/11
  2801 | D:5      | Found a shimmering altar of Xom.
  3040 | D:6      | Reached ** piety under Elyvilon
  3051 | D:6      | Found a snail-covered altar of Cheibriados.
  3051 | D:6      | Found a broken altar of Ashenzari.
  3052 | D:6      | Found an ancient bone altar of Kikubaaqudgha.
  3129 | D:6      | Slain by a wight

Illustrated notes

Levels and vault maps discovered:
D:1:      lightli_arrival_maybe_door_vault, layout_loops_corners
D:2:      layout_loops_ring
D:3:      layout_rooms, ebering_ecumenical_altar_box
D:4:      layout_loops_cross, grunt_gozag_breadcrumbs,
          nicolae_dithmenos_shadow_blocks, minmay_temple_entry_ruins, uniq_ijyb
D:5:      layout_loops_cross, lemuel_doored_altar, amethyst_killhole
D:6:      layout_rooms, gammafunk_temple_overflow_forgotten, enter_ossuary_2,
          uniq_pikel
Temple:   nicolae_temple_ecumenical_triangle

Skill      XL: |  1  2  3  4  5  6  7  8 |
---------------+-------------------------+-----
Transmutations | 2 3 4 |  4.3
Spellcasting   | 2 3 |  3.0
Ice Magic      | 1 2 3 4 |  4.4
Axes           | 1 2 3 |  3.2
Dodging        | 2 |  2.6
Fighting       | |  0.7
Unarmed Combat | |  3.0

Action                   |  1- 3 |  4- 6 |  7- 9 || total
-------------------------+-------+-------+-------++-------
Melee: Unarmed           |    98 |    28 |       ||   126
       Punch             |     1 |     4 |     1 ||     6
       Headbutt          |     2 |     2 |     6 ||    10
       Hand axe          |       |    62 |    64 ||   126
       Kick              |       |     6 |     8 ||    14
 Cast: Beastly Appendage |     5 |     6 |     6 ||    17
       Wereblood         |       |     5 |     2 ||     7
 Stab: Sleeping          |     2 |     1 |       ||     3
Armor: Robe              |    30 |    17 |    10 ||    57
Dodge: Dodged            |    46 |    32 |    39 ||   117
